 Dungeon Crawl Stone Soup version 0.30-a0-465-g8901f6c8b5 (webtiles) character file.

Game seed: 9769046107354997547

165 bande the Covered (level 5, 0/33 HPs)
             Began as a Gargoyle Fighter on Dec 18, 2022.
             Slain by Pikel
             ... wielding a +2 whip of electrocution
              (4 damage)
             ... on level 4 of the Dungeon.
             The game lasted 00:04:14 (2890 turns).

bande the Covered (Gargoyle Fighter)                Turns: 2890, Time: 00:04:14

Health: 0/33       AC: 14    Str: 19    XL:     5   Next: 46%
Magic:  5/5        EV:  9    Int:  9    God:
Gold:   93         SH:  4    Dex: 11    Spells: 4/4 levels left

rFire   + + .      SeeInvis .    a - +0 war axe
rCold   . . .      Faith    .    c - +0 buckler
rNeg    + . .      Spirit   .    b - +0 scale mail
rPois   ∞          Reflect  .    q - +2 helmet
rElec   +          Harm     .    (no cloak)
rCorr   .          Rampage  .    (no gloves)
Will    .....                    (no boots)
Stlth   ..........               (no amulet)
HPRegen 0.25/turn                n - ring of protection from fire
MPRegen 0.09/turn                o - ring of protection from fire

@: no status effects
A: sickness immunity, AC +4, negative energy resistance 1, electricity
resistance, torment resistance 1, petrification resistance
a: no special abilities


You were on level 4 of the Dungeon.
You visited 1 branch of the dungeon, and saw 4 of its levels.

You collected 93 gold pieces.

Inventory:

Hand Weapons
 a - a +0 war axe (weapon)
 g - a +0 war axe
Missiles
 p - 2 throwing nets (quivered)
Armour
 b - a +0 scale mail (worn)
 c - a +0 buckler (worn)
 q - a +2 helmet (worn)
Jewellery
 n - a ring of protection from fire (left hand)
 o - a ring of protection from fire (right hand)
Wands
 i - a wand of flame (22)
 m - a wand of iceblast (6)
Scrolls
 f - a scroll of teleportation
 j - a scroll of fog {unknown}
 k - 2 scrolls of butterflies
Potions
 d - 4 potions of might
 e - a potion of brilliance {unknown}
 h - 3 potions of curing
 l - a potion of invisibility
 r - a potion of lignification {unknown}
 s - 2 potions of magic {unknown}


   Skills:
 + Level 4.0 Fighting
 + Level 3.4 Axes
 + Level 4.4 Armour
 - Level 0.2 Dodging
 + Level 3.7 Shields
 * Level 0.2 Evocations


You had 4 spell levels left.
You didn't know any spells.
Your spell library contained the following spells:

 Spells                   Type           Power      Damage    Failure   Level
 Portal Projectile        Hex/Tloc       0%         N/A       99%         3
 Tukima's Dance           Hex            0%         N/A       99%         3
 Blade Hands              Tmut           0%         N/A       100%        5


Dungeon Overview and Level Annotations

Branches:
Dungeon (4/15)
 Temple: D:4-7

Altars:
Makhleb
Qazlal
Yredelemnul

Annotations:
D:4 Pikel


Innate Abilities, Weirdness & Mutations

You are immune to sickness and miasma.
Your stone body is resilient. (AC +4)
You are immune to poison.
You resist negative energy. (rN+)
You are resistant to electric shocks. (rElec)
You are resistant to unholy torment.
You are immune to petrification.


Message History

You closely miss the lemure. You hit the lemure.
Pikel hits you but does no damage. You block the lemure's attack. x2
Pikel hits you but does no damage. The lemure hits you but does no damage.
The lemure completely misses you.
You hit Pikel.
Pikel is moderately wounded.
You hit the lemure but do no damage. You miss the lemure.
Pikel hits you but does no damage.
Pikel says, "You'll rot in Tartarus!"
Pikel hits you but does no damage. The lemure hits you.
The lemure closely misses you.
You closely miss Pikel.
Pikel is moderately wounded.
You barely miss the lemure. x2; You block Pikel's attack.
Pikel hits you with a +2 whip of electrocution.
The lemure barely misses you. The lemure hits you but does no damage.
Pikel hits you but does no damage.
Unknown command.
You hit Pikel.
Pikel is heavily wounded.
You slash the lemure! You closely miss the lemure.
The lemure hits you but does no damage. You block the lemure's attack.
Pikel hits you but does no damage.
Pikel hits you with a +2 whip of electrocution.
The lemure barely misses you. The lemure hits you but does no damage.
You closely miss Pikel.
Pikel is heavily wounded.
You hit the lemure but do no damage. x2
Pikel hits you with a +2 whip of electrocution.
* * * LOW HITPOINT WARNING * * *
The lemure hits you.
* * * LOW HITPOINT WARNING * * *
The lemure barely misses you. You block Pikel's attack.
You closely miss Pikel.
Pikel is heavily wounded.
You closely miss the lemure. You hit the lemure. Pikel barely misses you.
The lemure hits you but does no damage. x2
Pikel says, "Hell isn't that bad."
Pikel hits you with a +2 whip of electrocution.
You die...

. ###. #..#
#..# #..#
#####55#
#...#K5#
#.#.#@5#
#......#
#.###..#.#
#........#
#.######.###.#
#............#
########.#####
#.#<..#
#.###.#


You could see Pikel (fast) and 4 lemures.

Vanquished Creatures
  Ijyb (D:3)
  Natasha (thrice) (D:3)
  2 adders
  A worm (D:3)
  3 endoplasms
  A giant cockroach (D:2)
  2 goblins
  8 hobgoblins
  6 quokkas
  6 ball pythons
  2 bats
  A frilled lizard (D:1)
  10 kobolds
  4 rats
50 creatures vanquished.

Notes
Turn   | Place    | Note
-------+----------+-------------------------------------------
     0 | D:1      | bande the Gargoyle Fighter began the quest for the Orb.
     0 | D:1      | Reached XP level 1. HP: 14/14 MP: 1/1
    56 | D:1      | Reached XP level 2. HP: 15/19 MP: 2/2
   885 | D:2      | Found a stormy altar of Qazlal.
   942 | D:2      | Reached XP level 3. HP: 19/24 MP: 3/3
  1659 | D:3      | Found a basalt altar of Yredelemnul.
  1685 | D:3      | Found a faded altar of an unknown god.
  1685 | D:3      | Noticed Natasha
  1692 | D:3      | Killed Natasha
  1693 | D:3      | Reached XP level 4. HP: 3/29 MP: 4/4
  1903 | D:3      | Found a burning altar of Makhleb.
  2042 | D:3      | Noticed Natasha
  2062 | D:3      | Killed Natasha
  2256 | D:3      | Noticed Ijyb
  2261 | D:3      | Reached XP level 5. HP: 26/33 MP: 5/5
  2274 | D:3      | Killed Ijyb
  2720 | D:3      | Noticed Natasha
  2728 | D:3      | Killed Natasha
  2876 | D:4      | Noticed a lemure
  2877 | D:4      | Noticed Pikel
  2878 | D:4      | Noticed a lemure
  2879 | D:4      | Noticed a lemure
  2880 | D:4      | Noticed a lemure
  2890 | D:4      | Slain by Pikel

Illustrated notes

Levels and vault maps discovered:
D:1:      eino_arrival_druids_welcome, layout_basic
D:2:      layout_basic, basic_altar
D:3:      layout_basic, bloody_makhleb, mainiacjoe_overflow_alcove_2,
          ebering_ecumenical_altar_box, kennysheep_boxes, uniq_ijyb,
          uniq_natasha, uniq_crazy_yiuf_cottage
D:4:      layout_basic, minmay_temple_entry_hall, gammafunk_ghost_stat_death,
          kennysheep_small_circle, uniq_robin, uniq_pikel, uniq_sigmund

Skill      XL: |  1  2  3  4  5 |
---------------+----------------+-----
Axes           | 2 3 |  3.4
Armour         | 4 |  4.4
Fighting       | 4 |  4.0
Dodging        | |  0.2
Shields        | |  3.7
Evocations     | |  0.2

Action                   |  1- 3 |  4- 6 || total
-------------------------+-------+-------++-------
Melee: War axe           |   102 |    72 ||   174
  Use: Scroll            |     7 |     3 ||    10
Armor: Scale mail        |    72 |    59 ||   131
Dodge: Dodged            |    68 |    44 ||   112
Block: Buckler           |    12 |    24 ||    36

Table legend: (Time is in decaauts)
 A = Elapsed time spent in this place.
 B = Non-inter-level travel time spent in this place.
 C = Inter-level travel time spent in this place.
 D = Time resting spent in this place.
 E = Time spent auto-exploring this place.
 F = Levels seen in this place.
 G = Mean time per level.
                   A        B        C        D        E       F      G
               +--------+--------+--------+--------+--------+-----+--------+
         Total |   3003 |   2912 |     91 |    380 |   1907 |   4 |  750.8 |
       Dungeon |   3003 |   2912 |     91 |    380 |   1907 |   4 |  750.8 |
               +--------+--------+--------+--------+--------+-----+--------+

Top non-repeatable levels by time:
     D:3: 1270 daAuts
     D:1: 859 daAuts
     D:2: 844 daAuts
     D:4: 29 daAuts
